 Dungeon Crawl Stone Soup version 0.24-a0-235-g3f03afc (webtiles) character file.

Game seed: 9481906076015037333

490 xeno23 the Sneak (level 7, -9/46 HPs)
             Began as an Octopode Assassin on Apr 6, 2019.
             Mangled by Prince Ribbit (16 damage)
             ... on level 4 of the Dungeon.
             The game lasted 00:09:29 (2991 turns).

xeno23 the Sneak (Octopode Assassin)                Turns: 2991, Time: 00:09:30

Health: -9/46      AC:  1    Str: 11    XL:     7   Next: 14%
Magic:  7/7        EV: 14    Int: 17    God:
Gold:   277        SH:  0    Dex: 14    Spells: 6/6 levels left

rFire    . . .     SeeInvis .   u - +1 whip (elec)
rCold    . . .     Gourm    .   (no shield)
rNeg     . . .     Faith    .   (helmet restricted)
rPois    .         Spirit   .   (no amulet)
rElec    .         Reflect  .   p - +3 ring of intelligence
rCorr    .         Harm     .   w - ring of attention
MR       .....                  (no ring)
Stlth    +++.......             (no ring)
HPRegen  0.15/turn              (no ring)
MPRegen  0.10/turn              (no ring)
                                (no ring)
                                (no ring)

@: lethally poisoned (-9 -> -10)
A: almost no armour, stealthy swim, amphibious, 8 rings, constrict 8, camouflage
1, gelatinous body 1
a: no special abilities


You were on level 4 of the Dungeon.
You were hungry.

You visited 1 branch of the dungeon, and saw 5 of its levels.

You collected 277 gold pieces.

Inventory:

Hand Weapons
 a - a +2 dagger
 b - a +0 blowgun
 u - a +1 whip of electrocution (weapon)
Missiles
 c - 8 poisoned needles
Jewellery
 p - a +3 ring of intelligence (left tentacle)
 w - a ring of attention (right tentacle)
Wands
 r - a wand of disintegration (15)
Scrolls
 e - 2 scrolls of identify
 g - 2 scrolls of random uselessness {unknown}
 h - 2 scrolls of noise {unknown}
 j - 4 scrolls of remove curse
 k - a scroll of fog {unknown}
 o - 3 scrolls of teleportation {unknown}
 s - 3 scrolls of amnesia {unknown}
 v - a scroll of enchant armour {unknown}
 A - a scroll of immolation {unknown}
Potions
 i - a potion of haste
 l - a potion of resistance
 m - 3 potions of flight
 n - a potion of curing
 q - 3 potions of lignification
 x - 4 potions of degeneration {unknown}
Comestibles
 f - 9 rations


   Skills:
 + Level 3.5 Fighting
 - Level 4.1 Short Blades
 * Level 1.4 Maces & Flails
 + Level 3.3 Throwing
 + Level 3.0 Dodging
 + Level 6.6 Stealth
 + Level 1.0 Evocations


You had 6 spell levels left.
You didn't know any spells.
Your spell library was empty.

Dungeon Overview and Level Annotations

Branches:
Dungeon (5/15)
 Temple: D:4-7

Altars:
Nemelex Xobeh
Sif Muna
Zin

Annotations:
D:4 Prince Ribbit


Innate Abilities, Weirdness & Mutations

You cannot wear most types of armour.
You are very stealthy in the water. (Stealth+)
You are amphibious.
You can wear up to eight rings at the same time.
You can use your tentacles to constrict eight enemies at once.
Your skin changes colour to match your surroundings (Stealth+).
Your rubbery body absorbs attacks. (AC +1, EV +1)


Message History

Lightning courses through Prince Ribbit!
Your grab misses Prince Ribbit.
Prince Ribbit is almost dead.
Prince Ribbit blinks!
Evoke which item? (* to show all) (? for menu, Esc to quit)
Aiming: Disintegrate
Press: ? - help, Shift-Dir - straight line, f/p - Prince Ribbit
Aim: Prince Ribbit (almost dead, chance to defeat MR: 52%) Prince Ribbit resists with significant effort.
You feel sick.
You take 1 damage.
You miss Prince Ribbit. Your grab misses Prince Ribbit.
Prince Ribbit is almost dead.
Prince Ribbit casts a spell.
Prince Ribbit looks slightly unstable.
Prince Ribbit closely misses you.
You closely miss Prince Ribbit. You grab Prince Ribbit.
You squeeze Prince Ribbit.
Prince Ribbit is almost dead.
You constrict Prince Ribbit.
You feel sick. Prince Ribbit hits you!
You die...

#.....# #........# #.....#
#........# #.....# #........#
#.....# #........# ###
##.....###########.#+###### ##..
..#+####....#....#....# #...
...........#......#...# #...
...........#.....##..#### #...
...........#..(F@##..##.## #...
...........'.....>#).....# ##..
...........#.....(#......# #...
#######'##.####..##..##########..
.........#.####..##..#....#..##..
.........+....#......#....#......
.........#....#......#....#......
.........#....#......#....'..####
.........##'####.##+##....####...


You could see Prince Ribbit.

Vanquished Creatures
  Sigmund (D:2)
  A hound (D:4)
  An iguana (D:4)
  Terence (D:2)
  2 worker ants (D:4)
  7 adders
  3 oozes
  7 worms
  4 leopard geckos
  An orc (D:4)
  2 ball pythons
  12 bats
  2 giant cockroaches (D:1)
  5 goblins
  11 hobgoblins
  15 jackals
  6 quokkas
  8 frilled lizards
  4 kobolds
  A leopard gecko skeleton (D:4)
  A quokka skeleton (D:5)
  11 rats
106 creatures vanquished.

Notes
Turn   | Place    | Note
-------+----------+-------------------------------------------
     0 | D:1      | xeno23 the Octopode Assassin began the quest for the Orb.
     0 | D:1      | Reached XP level 1. HP: 14/14 MP: 1/1
    64 | D:1      | Reached XP level 2. HP: 18/19 MP: 2/2
   255 | D:1      | Reached XP level 3. HP: 10/24 MP: 3/3
   758 | D:2      | Reached XP level 4. HP: 19/30 MP: 4/4
   910 | D:2      | Noticed Terence
  1156 | D:2      | Killed Terence
  1156 | D:2      | Reached skill level 6 in Stealth
  1156 | D:2      | Reached XP level 5. HP: 35/35 MP: 5/5
  1277 | D:2      | Noticed Sigmund
  1286 | D:2      | Killed Sigmund
  1286 | D:2      | Reached XP level 6. HP: 38/42 MP: 6/6
  1576 | D:3      | Found a glowing silver altar of Zin.
  2483 | D:4      | Found a sparkling altar of Nemelex Xobeh.
  2707 | D:4      | Reached skill level 1 in Maces & Flails
  2826 | D:4      | Reached XP level 7. HP: 34/46 MP: 7/7
  2873 | D:4      | Reached skill level 1 in Evocations
  2908 | D:4      | Found a deep blue altar of Sif Muna.
  2962 | D:5      | Entered Level 5 of the Dungeon
  2962 | D:5      | Noticed Prince Ribbit
  2991 | D:4      | Mangled by Prince Ribbit

Levels and vault maps discovered:
D:1:      giann_bridges, layout_basic, chequers_decorated_corner
D:2:      layout_loops_ring, grunt_ministairs_3, uniq_terence, uniq_sigmund
D:3:      layout_loops_ring, lemuel_coloured_pillars_altar, first_ration
D:4:      layout_gridville, kennysheep_mini_moat,
          nemelex_xobeh_ov_fountains_minmay
D:5:      lemuel_insect_pit, layout_gridville, nicolae_ru_the_path_less_chosen,
          temple_doors_e, uniq_prince_ribbit1

Skill      XL: |  1  2  3  4  5  6  7 |
---------------+----------------------+-----
Short Blades   | 3 4 |  4.1
Dodging        | 2 3 |  3.0
Stealth        | 6 |  6.6
Fighting       | 3 |  3.5
Throwing       | 3 |  3.3
Maces & Flails | 1 |  1.4
Evocations     | 1 |  1.0

Action                   |  1- 3 |  4- 6 |  7- 9 || total
-------------------------+-------+-------+-------++-------
Melee: Dagger            |    77 |    60 |     1 ||   138
       Constrict         |    19 |    20 |     2 ||    41
       Tentacles         |    13 |    22 |     2 ||    37
       Whip              |       |    46 |     8 ||    54
 Fire: Blowgun           |       |       |     7 ||     7
Evoke: Wand              |       |       |     1 ||     1
  Use: Scroll            |       |     7 |       ||     7
       Potion            |       |       |     1 ||     1
 Stab: Sleeping          |    14 |    24 |     1 ||    39
  Eat: Chunk             |       |     6 |       ||     6
Armor: Skin              |     9 |     5 |       ||    14
Dodge: Dodged            |    35 |    50 |    20 ||   105

Table legend:
 A = Non-vault XP
 B = Vault XP
 C = Vault XP percentage of total XP
 D = Non-vault monster count
 E = Vault monster count
 F = Vault count percentage of total count
                 A         B        C        D         E       F
            +---------+---------+-------+---------+---------+-------
      Total |     436 |     265 |  37.8 |     102 |       4 |   3.8
            +---------+---------+-------+---------+---------+-------
        D:1 |      65 |       0 |   0.0 |      36 |       0 |   0.0
        D:2 |      91 |     265 |  74.4 |      31 |       4 |  11.4
        D:3 |      66 |       0 |   0.0 |      20 |       0 |   0.0
        D:4 |     213 |       0 |   0.0 |      14 |       0 |   0.0
        D:5 |       1 |       0 |   0.0 |       1 |       0 |   0.0
            +---------+---------+-------+---------+---------+-------
